2861 views
Uploaded 2020-02-14 19:38:50
Game version 1.32 / 1.32.1
12:52 long 1on1 ladder game on (2)Amazonia
Saved by BEARAND
2861 views
Uploaded 2020-02-14 19:38:50
Game version 1.32 / 1.32.1
12:52 long 1on1 ladder game on (2)Amazonia

19 units @ 1.9k
/ 0.2k
34 buildings @ 2.2k
/ 1k


| Lesser Clarity Potion | 2 | 140 |
| Scroll of Regeneration | 1 | 100 |
| Staff of Teleportation | 1 | 150 |
| Boots of Speed | 1 | 250 |
| total: | 5 | 640g |
| Peasant | 14 | 1050 | / | 0 |
| Priest | 2 | 270 | / | 20 |
| Mortar Team | 3 | 540 | / | 210 |
| total: | 19 | 1860g | / | 230w |
| Scout Tower | 20 | 600 | / | 400 |
| Arcane Tower | 1 | 70 | / | 50 |
| Guard Tower | 13 | 910 | / | 650 |
| Altar of Kings | 1 | 180 | / | 50 |
| Farm | 6 | 480 | / | 120 |
| Arcane Vault | 3 | 390 | / | 90 |
| Lumber Mill | 1 | 120 | / | 0 |
| Blacksmith | 1 | 140 | / | 60 |
| Arcane Sanctum | 1 | 150 | / | 140 |
| Workshop | 1 | 140 | / | 140 |
| Keep | 1 | 320 | / | 210 |
| Castle | 1 | 360 | / | 210 |
| total: | 34 | 2200g | / | 1000w |
| 0:01 | Peasant |
| 0:01 | Peasant |
| 0:07 | Altar of Kings |
| 0:15 | Peasant |
| 0:18 | Farm |
| 0:19 | Peasant |
| 0:22 | Scout Tower |
| 0:28 | Farm |
| 0:53 | Peasant |
| 1:00 | Arcane Vault |
| 1:02 | Peasant |
| 1:06 | Lumber Mill |
| 1:14 | Peasant |
| 1:21 | Peasant |
| 1:27 | Scout Tower |
| 1:30 | Peasant |
| 1:31 | Peasant |
| 1:33 | Arcane Tower |
| 1:54 | Scout Tower |
| 1:56 | Peasant |
| 2:00 | Scout Tower |
| 2:04 | Scout Tower |
| 2:06 | Guard Tower |
| 2:11 | Peasant |
| 2:17 | Peasant |
| 2:23 | Peasant |
| 2:28 | Scout Tower |
| 2:30 | Guard Tower |
| 2:37 | Arcane Vault |
| 2:40 | Blizzard |
| 3:04 | Guard Tower |
| 3:05 | Scout Tower |
| 3:25 | Brilliance Aura |
| 3:31 | Guard Tower |
| 3:33 | Scout Tower |
| 3:54 | Scout Tower |
| 3:56 | Keep |
| 4:09 | Guard Tower |
| 4:11 | Farm |
| 4:12 | Farm |
| 4:33 | Scout Tower |
| 4:33 | Scout Tower |
| 4:34 | Guard Tower |
| 4:49 | Blacksmith |
| 4:50 | Improved Masonry |
| 5:06 | Guard Tower |
| 5:33 | Staff of Teleportation |
| 5:33 | Boots of Speed |
| 5:59 | Lesser Clarity Potion |
| 6:07 | Farm |
| 6:09 | Farm |
| 6:13 | Scout Tower |
| 6:14 | Scout Tower |
| 6:25 | Scout Tower |
| 6:36 | Arcane Sanctum |
| 6:47 | Guard Tower |
| 7:00 | Guard Tower |
| 7:06 | Improved Lumber Harvesting |
| 7:08 | Advanced Masonry |
| 7:25 | Storm Bolt |
| 7:45 | Priest |
| 7:45 | Magic Sentry |
| 8:01 | Scroll of Regeneration |
| 8:02 | Lesser Clarity Potion |
| 8:11 | Workshop |
| 8:47 | Black Gunpowder |
| 9:01 | Scout Tower |
| 9:02 | Scout Tower |
| 9:08 | Arcane Vault |
| 9:31 | Guard Tower |
| 9:33 | Mortar Team |
| 9:34 | Mortar Team |
| 11:18 | Blizzard |
| 11:44 | Scout Tower |
| 11:45 | Scout Tower |
| 11:46 | Scout Tower |
| 11:47 | Scout Tower |
| 11:54 | Bash |
| 12:00 | Priest |
| 12:10 | Castle |
| 12:14 | Guard Tower |
| 12:15 | Guard Tower |
| 12:26 | Flare |
| 12:28 | Mortar Team |
| 12:29 | Refined Gunpowder |
| Right click | 1224 |
| Select | 393 |
| Build/train/purchase | 153 |
| Select group | 61 |
| Chat | 41 |
| Use ability | 30 |
| Assign group | 15 |
| Misc. action | 6 |
| Item give/drop | 1 |
| Remove unit | 1 |
/ 0.5k
17 buildings @ 2.6k
/ 1.1k

| Wisp | 21 | 1260 | / | 0 |
| Archer | 1 | 130 | / | 10 |
| Huntress | 10 | 1950 | / | 200 |
| Glaive Thrower | 4 | 840 | / | 260 |
| total: | 36 | 4180g | / | 470w |
| Ancient Protector | 8 | 1080 | / | 640 |
| Altar of Elders | 1 | 180 | / | 50 |
| Moon Well | 4 | 720 | / | 160 |
| Ancient of War | 3 | 450 | / | 180 |
| Hunter's Hall | 1 | 210 | / | 100 |
| total: | 17 | 2640g | / | 1130w |
| 0:03 | Wisp |
| 0:13 | Altar of Elders |
| 0:17 | Moon Well |
| 0:21 | Ancient of War |
| 0:22 | Wisp |
| 0:30 | Wisp |
| 1:00 | Wisp |
| 1:19 | Wisp |
| 1:19 | Wisp |
| 1:19 | Wisp |
| 1:19 | Wisp |
| 1:41 | Wisp |
| 1:42 | Wisp |
| 1:42 | Wisp |
| 1:53 | Hunter's Hall |
| 1:58 | Archer |
| 2:13 | Moon Well |
| 2:16 | Force of Nature |
| 2:35 | Ancient of War |
| 3:30 | Ancient Protector |
| 3:39 | Ancient Protector |
| 3:46 | Huntress |
| 3:48 | Huntress |
| 4:01 | Wisp |
| 4:01 | Wisp |
| 4:03 | Wisp |
| 4:03 | Wisp |
| 4:06 | Wisp |
| 4:10 | Wisp |
| 4:18 | Strength of the Moon |
| 4:44 | Ancient Protector |
| 5:03 | Huntress |
| 5:23 | Huntress |
| 5:40 | Glaive Thrower |
| 6:02 | Ancient Protector |
| 6:14 | Moon Well |
| 6:25 | Ancient Protector |
| 6:41 | Ancient Protector |
| 6:47 | Ancient Protector |
| 7:24 | Ultravision |
| 7:27 | Glaive Thrower |
| 8:17 | Huntress |
| 8:19 | Moon Armor |
| 8:47 | Moon Well |
| 9:10 | Huntress |
| 9:44 | Ancient Protector |
| 10:01 | Glaive Thrower |
| 10:30 | Huntress |
| 10:37 | Huntress |
| 10:57 | Wisp |
| 10:58 | Wisp |
| 10:58 | Wisp |
| 10:58 | Wisp |
| 11:23 | Huntress |
| 11:43 | Huntress |
| 12:21 | Glaive Thrower |
| 12:35 | Ancient of War |
| Right click | 796 |
| Select | 258 |
| Build/train/purchase | 68 |
| Select group | 26 |
| Use ability | 23 |
| Chat | 15 |
| Assign group | 5 |
| Remove unit | 5 |
| Esc | 4 |